 Dungeon Crawl Stone Soup version 0.31-a0-986-g5e6e4ef867 (webtiles) character file.

Game seed: 12278481380558474193

2420 Forgeling the Grappler (level 9, -1/84 HPs)
             Began as a Troll Shapeshifter on Nov 13, 2023.
             Was a Follower of Nemelex Xobeh.
             Slain by a red ugly thing (20 damage)
             ... on level 7 of the Dungeon.
             The game lasted 00:10:21 (4431 turns).

Forgeling the Grappler (Troll Shapeshifter)         Turns: 4431, Time: 00:10:21

Health: -1/84      AC:  8    Str: 26    XL:     9   Next: 24%
Magic:  11/11      EV:  9    Int:  6    God:    Nemelex Xobeh [*.....]
Gold:   192        SH:  0    Dex: 11    Spells: 8/8 levels left

rFire   . .          .
                       - Unarmed
rCold   . . .        (no shield)
rNeg    + . .        a - +0 animal skin
rPois   .            (helmet currently unavailable)
rElec   .            (cloak currently unavailable)
rCorr   .            (gloves unavailable)
SInv    .            (boots unavailable)
Will    .....        f - amulet of regeneration
Stlth   +            o - +4 ring of protection
HPRegen 1.94/turn    l - ring of positive energy
MPRegen 0.12/turn

%: no passive effects
@: beast-form
A: beast (slay +1), large, unfitting armour, claws 3, regeneration 1, shaggy fur
1, tough skin 1
a: Begin Untransformation, Renounce Religion, Draw Escape, Draw Destruction,
Draw Summoning


You were on level 7 of the Dungeon.
You worshipped Nemelex Xobeh.
Nemelex Xobeh was aware of your devotion.
You were a hulking beast.
You visited 2 branches of the dungeon, and saw 8 of its levels.

You collected 252 gold pieces.
You spent 60 gold pieces at shops.

Inventory:

Missiles
 i - 9 large rocks (quivered)
 j - 2 boomerangs
 t - 13 poisoned darts
Armour
 a - a +0 animal skin (worn)
Jewellery
 f - an amulet of regeneration (around neck)
 l - a ring of positive energy (right claw)
 o - a +4 ring of protection (left claw)
Talismans
 b - a beast talisman (active)
 d - a flux talisman
Wands
 e - a wand of charming (6)
 q - a wand of flame (20)
 y - a wand of mindburst (18)
Scrolls
 c - a scroll of enchant weapon {unknown}
 g - 3 scrolls of vulnerability {unknown}
 h - a scroll of poison {unknown}
 k - 3 scrolls of enchant armour {unknown}
 m - 2 scrolls of blinking {unknown}
 n - 2 scrolls of revelation {unknown}
 r - a scroll of noise {unknown}
 s - a scroll of silence {unknown}
 u - a scroll of brand weapon {unknown}
 F - 4 scrolls of fog
 Y - 2 scrolls of teleportation {@r3}
Potions
 p - a potion of haste {unknown}
 A - 4 potions of attraction
 C - a potion of cancellation
 G - 2 potions of ambrosia
 I - a potion of invisibility
 M - a potion of might
 N - 2 potions of heal wounds {@q2}
 U - 2 potions of mutation
 W - 2 potions of lignification


   Skills:
 - Level 4.0 Fighting
 - Level 2.0 Throwing
 - Level 1.5 Dodging
 + Level 10.2 Unarmed Combat
 - Level 5.0 Invocations
 - Level 3.0 Shapeshifting


You had 8 spell levels left.
You didn't know any spells.
Your spell library contained the following spells:

 Spells                   Type           Power      Damage    Failure   Level
 Sting                    Tmut/Pois      0%         1d3       45%         1
 Blink                    Tloc           0%         N/A       58%         2
 Cigotuvi's Dreadful Rot  Necr/Pois/Air  0%         N/A       58%         2
 Poisonous Vapours        Pois/Air       0%         N/A       58%         2
 Wereblood                Tmut           0%         N/A       58%         2
 Ignite Poison            Fire/Tmut/Pois 0%         N/A       83%         3
 Manifold Assault         Tloc           0%         N/A       99%         4
 Olgreb's Toxic Radiance  Pois           0%         N/A       99%         4
 Freezing Cloud           Conj/Ice/Air   0%         6-21      100%        5
 Irradiate                Conj/Tmut      0%         3d11      100%        5


Dungeon Overview and Level Annotations

Branches:
Dungeon (7/15)             Temple (1/1) D:4

Altars:
Ashenzari
Cheibriados
Dithmenos
Elyvilon
Fedhas
Gozag
Hepliaklqana
Makhleb
Nemelex Xobeh
Qazlal
Ru
Trog
Uskayaw
Vehumet
Xom
Yredelemnul
The Shining One

Shops:
D:2 !

Annotations:
D:4 1 runed translucent door, Pokonic1's ghost, novice DsIE


Innate Abilities, Weirdness & Mutations

You are a hulking beast.
Your limbs bulge with bestial killing power. (Slay +1)
You are too large for most types of armour.
You have claws for hands.
Your natural rate of healing is unusually fast.
You are covered in fur. (AC +1)
You have tough skin. (AC +1)


Message History

The red ugly thing is heavily wounded.
You draw a card...
You have drawn Pain.
Press: ? - help, Shift-Dir - straight line, f/p - red ugly thing
Aim: a red ugly thing (moderately wounded)
The red ugly thing barely resists.
You draw a card...
You have drawn the Dance.
The red ugly thing claws you!
You are engulfed in flames!
You swap places.
The red ugly thing claws your -2 quarterstaff of Gallantry {freeze, Str+3 Int+2}!
Your -2 quarterstaff of Gallantry {freeze, Str+3 Int+2} is engulfed in flames.
Your -2 quarterstaff of Gallantry {freeze, Str+3 Int+2} resists.
Your -2 quarterstaff of Gallantry {freeze, Str+3 Int+2} is destroyed!
Your -2 quarterstaff of Gallantry {freeze, Str+3 Int+2} disappears in a puff of smoke!
You draw a card...
You have drawn Pain.
Press: ? - help, Shift-Dir - straight line, f/p - red ugly thing
Aim: a red ugly thing (grey smoke, moderately wounded)
The bolt of negative energy hits the red ugly thing!
The red ugly thing is drained!
The red ugly thing is heavily wounded.
You barely miss the red ugly thing.
The red ugly thing is heavily wounded.
The red ugly thing claws you!
You are engulfed in flames!!
You draw a card...
You have drawn Wild Magic.
The red ugly thing is covered in a thin layer of ice!
You feel a surge of magic. The red ugly thing claws you.
* * * LOW HITPOINT WARNING * * *
You are engulfed in flames!
* * * LOW HITPOINT WARNING * * *
You draw a card...
You have drawn Wild Magic.
The red ugly thing is blasted with fire!
The red ugly thing resists.
You feel a surge of magic.
You barely miss the red ugly thing. You claw the red ugly thing.
The red ugly thing is almost dead.
The red ugly thing claws you!
* * * LOW HITPOINT WARNING * * *
You are engulfed in flames!!
You die...
Your body disappears without a glow.

#### ##. .## # #..
..# ..#. #.# #.#
..<..##.####.#
#....hu..#.#####
#.###<##..$....#
####
#.#####(.#>###.$..
..# ##)(.##.....
#..# ##....†....
#.## ##...<.....
## #..u#......
####''####...
##≈≈≈..≈≈≈##..


You could see a red ugly thing (drained).

Vanquished Creatures
  Grinder (D:5)
  A steam dragon (D:7)
  2 water moccasins
  An orc warrior (D:6)
  A black bear (D:4)
  5 ogres
  A centaur (D:6)
  A phantom (D:5)
  Blork the orc (D:5)
  A gnoll sergeant (D:6)
  A bullfrog (D:6)
  4 scorpions
  2 jellies (D:6)
  2 hounds (D:5)
  A gnoll bouda (D:6)
  An orc priest (D:3)
  3 iguanas
  2 sleepcaps (D:5)
  Natasha (thrice) (D:4)
  20 gnolls
  3 adders
  An adder skeleton (D:2)
  2 worms (D:4)
  14 orcs
  10 ball pythons
  A bat skeleton (D:2)
  A bat zombie (D:2)
  5 endoplasms
  6 giant cockroaches
  8 goblins
  10 hobgoblins
  2 jackals (D:4)
  7 kobolds
  A ball python skeleton (D:2)
  A ball python zombie (D:2)
  2 bats
  4 frilled lizards
  A quokka zombie (D:2)
  7 rats
  A spectral orc (D:3)
141 creatures vanquished.

Notes
Turn   | Place    | Note
-------+----------+-------------------------------------------
     0 | D:1      | Forgeling the Troll Shapeshifter began the quest for the
                  | Orb.
     0 | D:1      | Reached XP level 1. HP: 18/18 MP: 0/0
   295 | D:1      | Reached XP level 2. HP: 26/26 MP: 1/1
   687 | D:1      | Reached skill level 4 in Unarmed Combat
   926 | D:2      | Reached skill level 1 in Fighting
   926 | D:2      | Reached XP level 3. HP: 30/33 MP: 2/2
   951 | D:2      | Reached XP level 4. HP: 23/41 MP: 3/3
  1155 | D:2      | Found Syag's Distillery.
  1169 | D:2      | Bought a potion of heal wounds for 60 gold pieces
  1420 | D:3      | Identified the +2 long sword of Accord {vamp, Will+}
  1455 | D:3      | Found a basalt altar of Yredelemnul.
  1503 | D:3      | Noticed an ogre
  1518 | D:3      | Killed an ogre
  1519 | D:3      | Reached skill level 5 in Unarmed Combat
  1519 | D:3      | Reached XP level 5. HP: 49/49 MP: 4/4
  1689 | D:3      | Reached skill level 6 in Unarmed Combat
  1796 | D:3      | Found a blossoming altar of Fedhas.
  1797 | D:3      | Found a glowing golden altar of the Shining One.
  1986 | D:4      | Noticed Natasha
  1987 | D:4      | Found a staircase to the Ecumenical Temple.
  1994 | D:4      | Killed Natasha
  1998 | D:4      | Noticed Natasha
  2003 | D:4      | Killed Natasha
  2004 | D:4      | Reached XP level 6. HP: 55/57 MP: 5/5
  2005 | Temple   | Entered the Ecumenical Temple
  2016 | Temple   | Became a worshipper of Nemelex Xobeh the Trickster
  2111 | D:4      | Reached skill level 7 in Unarmed Combat
  2255 | D:4      | Found a radiant altar of Vehumet.
  2360 | D:4      | Reached XP level 7. HP: 66/66 MP: 6/6
  2387 | D:4      | Noticed Natasha
  2392 | D:4      | Killed Natasha
  2447 | D:4      | Found a runed translucent door.
  2449 | D:4      | Noticed Pokonic1's ghost (novice DsIE)
  2827 | D:5      | Entered Level 5 of the Dungeon
  3061 | D:5      | Reached * piety under Nemelex Xobeh
  3078 | D:5      | Reached skill level 8 in Unarmed Combat
  3204 | D:5      | Reached XP level 8. HP: 76/78 MP: 7/7
  3308 | D:5      | Noticed Grinder
  3312 | D:5      | Paralysed by Grinder for 2 turns
  3319 | D:5      | Killed Grinder
  3320 | D:5      | Reached skill level 9 in Unarmed Combat
  3320 | D:5      | Reached skill level 1 in Throwing
  3320 | D:5      | Reached skill level 1 in Invocations
  3496 | D:6      | Noticed Blork the orc
  3521 | D:5      | Killed Blork the orc
  3731 | D:6      | Reached skill level 5 in Invocations
  3739 | D:6      | Found the +6 shillelagh "Devastator" {shatter}
  3900 | D:6      | Found a burning altar of Makhleb.
  3971 | D:6      | Received a gift from Nemelex Xobeh
  4077 | D:6      | Reached XP level 9. HP: 84/84 MP: 11/11
  4357 | D:7      | Noticed a red ugly thing
  4366 | D:6      | Reached skill level 10 in Unarmed Combat
  4424 | D:7      | Identified the -2 quarterstaff of Gallantry {freeze, Str+3
                  | Int+2}
  4431 | D:7      | Slain by a red ugly thing

Illustrated notes

Levels and vault maps discovered:
D:1:      lemuel_arrival_broad_hall, layout_loops_corners, minmay_cupped
D:2:      layout_rooms, serial_undead, serial_undead_a, serial_undead_c,
          serial_undead_b, serial_undead_d, serial_shops, shop,
          minmay_goblin_kobold_house
D:3:      layout_rooms, yredelemnul_forgotten_temple_becter,
          gammafunk_temple_overflow_pools
D:4:      layout_loops_ring, mainiacjoe_overflow_brackets,
          minmay_temple_entry_arrows, ebering_ghost_sewer_d,
          dreamdust_princess_corridor, uniq_natasha
D:5:      layout_gridville, uniq_grinder
D:6:      layout_basic, mainiacjoe_overflow_alcove_4,
          dilly_guarded_unrand_devastator, uniq_blork_the_orc
D:7:      kennysheep_big_flooded_room, layout_rooms, nzn_wu_jian_contemplation
Temple:   hellmonk_temple_flake

Skill      XL: |  1  2  3  4  5  6  7  8  9 |
---------------+----------------------------+-----
Unarmed Combat | 4 5 6 7 8 9 10 | 10.2
Fighting       | 1 2 4 |  4.0
Throwing       | 2 |  2.0
Invocations    | 5 |  5.0
Dodging        | |  1.5
Shapeshifting  | |  3.0

Action                     |  1- 3 |  4- 6 |  7- 9 || total
---------------------------+-------+-------+-------++-------
  Melee: Unarmed           |    69 |   138 |   119 ||   326
         Punch             |       |     5 |     5 ||    10
  Throw: Large rock        |       |     3 |    19 ||    22
 Invoke: Draw Destruction  |       |       |     4 ||     4
         Draw Summoning    |       |       |     1 ||     1
    Use: Scroll            |     2 |     6 |     1 ||     9
 Armour: Animal skin       |    35 |    74 |   117 ||   226
  Dodge: Dodged            |    24 |    46 |    58 ||   128
   Form: Beast             |     1 |       |       ||     1

Table legend: (Time is in decaauts)
 A = Elapsed time spent in this place.
 B = Non-inter-level travel time spent in this place.
 C = Inter-level travel time spent in this place.
 D = Time resting spent in this place.
 E = Time spent auto-exploring this place.
 F = Levels seen in this place.
 G = Mean time per level.
                   A        B        C        D        E       F      G
               +--------+--------+--------+--------+--------+-----+--------+
         Total |   4413 |   4206 |    207 |     31 |   3232 |   8 |  551.6 |
       Dungeon |   4390 |   4194 |    196 |     31 |   3232 |   7 |  627.1 |
        Temple |     22 |     11 |     11 |      0 |      0 |   1 |   22.0 |
               +--------+--------+--------+--------+--------+-----+--------+

Top non-repeatable levels by time:
     D:1: 900 daAuts
     D:6: 896 daAuts
     D:4: 842 daAuts
     D:5: 653 daAuts
     D:3: 552 daAuts
     D:2: 488 daAuts
     D:7: 56 daAuts
  Temple: 22 daAuts
